 Dungeon Crawl Stone Soup version 0.27-b1-41-gafb5482f4b (webtiles) character file.

Game seed: 15553673938260550539

3224 freelancePsychic the Skirmisher (level 9, -4/72 HPs)
             Began as a Demonspawn Ice Elementalist on July 29, 2021.
             Was a Believer of Okawaru.
             Slain by a two-headed ogre (17 damage)
             ... on level 7 of the Dungeon.
             The game lasted 00:24:29 (9501 turns).

freelancePsychic the Skirmisher (DsIE)              Turns: 9501, Time: 00:24:29

Health: -4/72      AC:  8    Str: 12    XL:     9   Next: 66%
Magic:  7/12       EV: 13    Int: 17    God:    Okawaru [**....]
Gold:   122        SH:  0    Dex: 19    Spells: 6/12 levels left

rFire    + . .     SeeInvis .   a - +1 arbalest (vorpal)
rCold    . . .     Faith    .   (shield currently unavailable)
rNeg     . . .     Spirit   .   u - +0 ring mail
rPois    .         Reflect  .   d - +1 helmet
rElec    .         Harm     .   n - scarf {shadows}
rCorr    .         Rampage  .   (no gloves)
Will     .....                  (boots unavailable)
Stlth    ++........             (no amulet)
HPRegen  0.22/turn              z - ring of protection from fire
MPRegen  0.13/turn              p - +6 ring of dexterity

@: no status effects
A: hooves 3, repulsion field 1, ignite blood 1
a: Renounce Religion, Heroism


You were on level 7 of the Dungeon.
You worshipped Okawaru.
Okawaru was pleased with you.
You visited 2 branches of the dungeon, and saw 8 of its levels.

You collected 339 gold pieces.
You spent 217 gold pieces at shops.

Inventory:

Hand Weapons
 a - a +1 vorpal arbalest (weapon)
 b - a +6 dagger
 y - a +2 vorpal mace
Missiles
 j - 2 throwing nets
 B - 31 bolts (quivered ammo)
Armour
 d - a +1 helmet (worn)
 g - a +0 chain mail of fire resistance
 n - a scarf of shadows (worn)
 u - a +0 ring mail (worn)
 C - a +0 robe
Jewellery
 p - a +6 ring of dexterity (right hand)
 z - a ring of protection from fire (left hand)
Wands
 k - a wand of iceblast (5)
Scrolls
 c - a scroll of summoning
 f - a scroll of fear
 s - a scroll of amnesia
 v - a scroll of teleportation {@r4}
Potions
 e - 2 potions of magic {unknown}
 h - a potion of brilliance {unknown}
 i - a potion of degeneration {unknown}
 m - 2 potions of heal wounds {unknown}
 q - 3 potions of attraction {unknown}
 r - 2 potions of haste {unknown}
 w - 2 potions of curing {unknown}
 A - a potion of might


   Skills:
 - Level 7.5 Fighting
 - Level 4.3 Short Blades
 * Level 6.5 Crossbows
 - Level 4.3 Armour
 - Level 1.7 Dodging
 - Level 1.7 Stealth
 - Level 2.4 Spellcasting
 - Level 5.2 Ice Magic
 + Level 2.7 Invocations


You had 6 spell levels left.
You knew the following spells:

 Your Spells              Type           Power      Damage    Failure   Level
b - Frozen Ramparts       Ice            40%        1d6       14%         3
c - Ozocubu's Armour      Ice            20%        N/A       14%         3

Your spell library contained the following spells:

 Spells                   Type           Power      Damage    Failure   Level
 Freeze                   Ice            80%        1d9       4%          1
 Sting                    Tmut/Pois      8%         1d3       36%         1
 Poisonous Vapours        Pois/Air       4%         N/A       52%         2
 Hailstorm                Conj/Ice       11%        3d5       78%         4
 Animate Armour           Summ/Erth      4%         N/A       98%         4
 Olgreb's Toxic Radiance  Pois           2%         N/A       98%         4
 Blade Hands              Tmut           1%         N/A       100%        5
 Irradiate                Conj/Tmut      1%         3d13      100%        5
 Iron Shot                Conj/Erth      1%         9d1       100%        6
 Dragon Form              Tmut           1%         N/A       100%        7


Dungeon Overview and Level Annotations

Branches:
Dungeon (7/15)             Temple (1/1) D:5

Altars:
Fedhas
Gozag
Hepliaklqana
Makhleb
Nemelex Xobeh
Okawaru
Qazlal
Ru
Sif Muna
Trog
Uskayaw
Vehumet
Wu Jian
Xom
Yredelemnul
The Shining One

Shops:
D:2 *   D:4 (

Annotations:
D:3 Sigmund


Innate Abilities, Weirdness & Mutations

You have hooves in place of feet.
You are surrounded by a mild repulsion field. (EV +2)
Your demonic aura sometimes causes spilled blood to erupt in flames.


Message History

You hear a shout! x2
Fire: 36 bolts
Press: ? - help, Q - select action, (/) - cycle Shift-Dir - straight line, f/p - howler monkey
Aim: a howler monkey (heavily wounded, catching its breath, 65% to hit)
You shoot a bolt.
The bolt barely misses the howler monkey.
The wall freezes the howler monkey.
The howler monkey closely misses you.
The wall freezes the howler monkey.
The howler monkey closely misses you.
A two-headed ogre comes into view. It is wielding two +0 giant clubs.
Fire: 35 bolts
Press: ? - help, Q - select action, (/) - cycle Shift-Dir - straight line, f/p - howler monkey
Aim: a howler monkey (severely wounded, 65% to hit)
You shoot a bolt. The bolt hits the howler monkey!
You kill the howler monkey!
Okawaru accepts your kill.
Fire: 34 bolts
Press: ? - help, Q - select action, (/) - cycle Shift-Dir - straight line, f - two-headed ogre
Aim: a two-headed ogre, wielding two +0 giant clubs (80% to hit)
You shoot a bolt. The bolt hits the two-headed ogre!
The two-headed ogre is moderately wounded.
The wall freezes the two-headed ogre.
Fire: 33 bolts
Press: ? - help, Q - select action, (/) - cycle Shift-Dir - straight line, f/p - two-headed ogre
Aim: a two-headed ogre, wielding two +0 giant clubs (moderately wounded, 80% to hit)
You shoot a bolt. The bolt hits the two-headed ogre!
The two-headed ogre is severely wounded.
You hear a howl!
The two-headed ogre is engulfed in blazing flames.
The wall freezes the two-headed ogre.
Fire: 32 bolts
Press: ? - help, Q - select action, (/) - cycle Shift-Dir - straight line, f/p - two-headed ogre
Aim: a two-headed ogre, wielding two +0 giant clubs (almost dead, 80% to hit)
You shoot a bolt.
The bolt completely misses the two-headed ogre.
The frozen ramparts melt away.
You hear a howl!
The two-headed ogre hits you with a +0 giant club!!
* * * LOW HITPOINT WARNING * * *
The two-headed ogre hits you with a +0 giant club!
You die...

#.....###.# ..........#
#.....###.# .........#
###.......# .......#
####.######### .....#
#............# #...#
#.##.#.#####.######..#
#.##.#)# #.........#
#.##...# #.#######.#
..#....# #.#((@O○.(#
#...#..#####.#(######.....
.............#. .####
####.#########. .# #># ..
.# #.# .. .# #.# #(h #.#
...


You could see a two-headed ogre.

Vanquished Creatures
  Pikel (D:4)
  Prince Ribbit (D:5)
  A steam dragon (D:7)
  3 ice beasts
  4 ogres
  3 lemures (D:4)
  A phantom (D:4)
  A water moccasin zombie (D:6)
  A wyvern zombie (D:6)
  A scorpion (D:6)
  5 killer bees (D:7)
  5 wights (D:6)
  2 howler monkeys (D:7)
  4 bullfrog zombies
  2 centaur zombies (D:6)
  6 hounds
  5 orc priests
  2 centaur skeletons
  A gnoll shaman (D:6)
  Jessica (D:3)
  An iguana (D:6)
  2 orc wizards
  2 killer bee zombies (D:6)
  A hound skeleton (D:5)
  16 gnolls
  4 adders
  2 ufetubi (D:4)
  An adder skeleton (D:4)
  An adder zombie (D:5)
  3 worms
  5 dart slugs
  12 orcs
  5 endoplasms
  4 giant cockroaches
  4 goblins
  9 hobgoblins
  7 jackals
  3 quokkas
  7 ball pythons
  2 bats
  3 frilled lizards
  A giant cockroach zombie (D:3)
  6 kobolds
  4 rats
155 creatures vanquished.

Notes
Turn   | Place    | Note
-------+----------+-------------------------------------------
     0 | D:1      | freelancePsychic the Demonspawn Ice Elementalist began the
                  | quest for the Orb.
     0 | D:1      | Reached XP level 1. HP: 13/13 MP: 3/3
   321 | D:1      | Gained mutation: You are surrounded by a mild repulsion
                  | field. (EV +2) [demonic ancestry]
   321 | D:1      | Reached XP level 2. HP: 12/20 MP: 0/5
   598 | D:1      | Reached skill level 1 in Fighting
  1300 | D:2      | Reached XP level 3. HP: 22/26 MP: 4/6
  1432 | D:2      | Learned a level 3 spell: Frozen Ramparts
  1502 | D:2      | Found Qeofaese's General Store.
  1790 | D:2      | Reached skill level 2 in Fighting
  1864 | D:2      | Gained mutation: You have large cloven feet. [demonic
                  | ancestry]
  1864 | D:2      | Reached XP level 4. HP: 26/33 MP: 3/7
  2036 | D:2      | Noticed a hellion
  2037 | D:2      | Found a faded altar of an unknown god.
  2167 | D:3      | Noticed Jessica
  2177 | D:3      | Killed Jessica
  2431 | D:3      | Reached skill level 3 in Fighting
  2615 | D:3      | Noticed Sigmund
  2679 | D:3      | Gained mutation: Your demonic aura sometimes causes spilled
                  | blood to erupt in flames. [demonic ancestry]
  2679 | D:3      | Reached XP level 5. HP: 41/41 MP: 4/8
  3111 | D:3      | Reached skill level 4 in Fighting
  3860 | D:4      | Noticed a phantom
  3868 | D:4      | Reached XP level 6. HP: 34/48 MP: 9/9
  3924 | D:4      | Reached skill level 5 in Ice Magic
  4315 | D:4      | Reached skill level 1 in Armour
  4602 | D:4      | Found Xaja's Antique Weapon Shoppe.
  4623 | D:4      | Learned a level 3 spell: Ozocubu's Armour
  4825 | D:4      | Reached skill level 1 in Short Blades
  4939 | D:4      | Noticed Pikel
  4966 | D:4      | Killed Pikel
  4967 | D:4      | Reached skill level 6 in Fighting
  4967 | D:4      | Gained mutation: You have hoof-like feet. [demonic
                  | ancestry]
  4967 | D:4      | Reached XP level 7. HP: 54/58 MP: 4/10
  5149 | D:4      | Reached XP level 8. HP: 48/64 MP: 7/11
  5280 | D:4      | Found a bloodstained altar of Trog.
  5547 | D:5      | Entered Level 5 of the Dungeon
  5971 | D:5      | Reached skill level 7 in Fighting
  6466 | D:5      | Found a staircase to the Ecumenical Temple.
  6474 | Temple   | Entered the Ecumenical Temple
  6797 | Temple   | Became a worshipper of Warmaster Okawaru
  6889 | D:5      | Found an ornate altar of the Wu Jian Council.
  7173 | D:4      | Bought a runed arbalest for 217 gold pieces
  7271 | D:6      | Reached skill level 1 in Crossbows
  7441 | D:6      | Found a basalt altar of Yredelemnul.
  7945 | D:6      | Reached * piety under Okawaru
  8032 | D:6      | Gained mutation: You have hooves in place of feet. [demonic
                  | ancestry]
  8032 | D:6      | Reached XP level 9. HP: 57/72 MP: 12/12
  8179 | D:6      | Noticed Prince Ribbit
  8202 | D:5      | Killed Prince Ribbit
  8608 | D:6      | Reached skill level 5 in Crossbows
  9057 | D:6      | Reached ** piety under Okawaru
  9400 | D:7      | Reached skill level 1 in Invocations
  9497 | D:7      | Noticed a two-headed ogre
  9501 | D:7      | Slain by a two-headed ogre

Illustrated notes

Levels and vault maps discovered:
D:1:      dpeg_arrival_simpleton_a, layout_loops_cross, minmay_misc_feat_hallway
D:2:      layout_rooms, dreamdust_ecumenical_altar_sealed_demon, serial_shops,
          shop
D:3:      layout_basic, minmay_pentangle, uniq_jessica, uniq_sigmund
D:4:      layout_basic, mainiacjoe_overflow_small_starburst, serial_shops, shop,
          uniq_pikel
D:5:      layout_loops_corners, nicolae_overflow_hidden_temple,
          minmay_temple_entry_statues_fountains
D:6:      layout_cave_pools, nicolae_yredelemnul_corpse_copse,
          minmay_checkerbox, uniq_prince_ribbit1
D:7:      layout_loops_cross, serial_shops, shop
Temple:   nicolae_temple_figure_eight

Skill      XL: |  1  2  3  4  5  6  7  8  9 |
---------------+----------------------------+-----
Fighting       | 1 2 3 4 6 7 |  7.5
Ice Magic      | 4 5 |  5.2
Armour         | 1 3 4 |  4.3
Short Blades   | 3 4 |  4.3
Crossbows      | 4 6 |  6.5
Invocations    | 2 |  2.7
Dodging        | |  1.7
Stealth        | |  1.7
Spellcasting   | |  2.4

Action                   |  1- 3 |  4- 6 |  7- 9 || total
-------------------------+-------+-------+-------++-------
Melee: Unarmed           |     7 |       |       ||     7
       Dagger            |    10 |   128 |   175 ||   313
       Kick              |       |    32 |    55 ||    87
 Fire: Arbalest          |       |       |    34 ||    34
 Cast: Freeze            |    50 |    15 |       ||    65
       Frozen Ramparts   |     5 |    23 |    16 ||    44
       Ozocubu's Armour  |       |     3 |     6 ||     9
Evoke: Wand              |       |       |     1 ||     1
  Use: Potion            |       |     1 |       ||     1
       Scroll            |       |     3 |    10 ||    13
 Stab: Sleeping          |     1 |     2 |     1 ||     4
Armor: Robe              |    11 |    12 |     7 ||    30
       Ring mail         |       |    22 |    43 ||    65
Dodge: Dodged            |    32 |   102 |   120 ||   254
